 Dungeon Crawl Stone Soup version 0.21-a0-581-gb7d493d (webtiles) character file.

4141 FivePercentEmpty the Destroyer (level 10, -3/50 HPs)
             Began as a Deep Elf Fire Elementalist on Dec 16, 2017.
             Was a Follower of Vehumet.
             Killed by the air
             ... invoked by RedSky's ghost
              (9 damage)
             ... on level 9 of the Dungeon on Dec 19, 2017.
             The game lasted 00:52:35 (9988 turns).

FivePercentEmpty the Destroyer (DEFE)               Turns: 9988, Time: 00:52:35

Health: -3/50      AC:  7    Str:  5    XL:     10   Next: 7%
Magic:  17/34      EV: 14    Int: 24    God:    Vehumet [*.....]
Gold:   223        SH:  0    Dex: 15    Spells: 7/28 levels left

rFire    + + +     SeeInvis .   p - +2 short sword "Toxzeuj" {elec, rF+} (curse)
rCold    . . .     Gourm    .   (no shield)
rNeg     . . .     Faith    .   a - +0 robe
rPois    +         Spirit   .   n - +0 helmet
rElec    .         Reflect  .   g - +0 cloak
rCorr    .         Harm     .   M - +0 pair of gloves "Deheadeg" {rPois rF++} (curse)
MR       +....                  (no boots)
Stlth    ++........             A - amulet of magic regeneration
HPRegen  0.16/turn              E - ring of magical power
MPRegen  0.49/turn              x - +2 ring of protection

@: hasted, very quick
A: no striking features
a: Renounce Religion


You were on level 9 of the Dungeon.
You worshipped Vehumet.
Vehumet was aware of your devotion.
You were very hungry.

You visited 2 branches of the dungeon, and saw 10 of its levels.

You collected 463 gold pieces.
You spent 240 gold pieces at shops.

Inventory:

Hand Weapons
 e - a +2 short sword
 o - a +2 whip of flaming
 p - the cursed +2 short sword "Toxzeuj" (weapon) {elec, rF+}
   (You found it on level 5 of the Dungeon)

   Occasionally, upon striking a foe, it will discharge some electrical energy
   and cause terrible harm.
   It protects you from fire.
   It has a curse placed upon it.
 D - a +4 dagger of draining
Armour
 a - a +0 robe (worn)
 g - a +0 cloak (worn)
 n - a +0 helmet (worn)
 t - a +0 buckler
 C - a +3 leather armour
 M - the cursed +0 pair of gloves "Deheadeg" (worn) {rPois rF++}
   (You found it on level 9 of the Dungeon)

   It greatly protects you from fire.
   It protects you from poison.
   It has a curse placed upon it.
Jewellery
 u - a +5 ring of dexterity
 w - a +5 ring of strength
 x - a +2 ring of protection (right hand)
 A - an amulet of magic regeneration (around neck)
 E - a ring of magical power (left hand)
Wands
 B - a wand of scattershot (3)
 K - a wand of iceblast (6)
Scrolls
 f - a scroll of remove curse
 m - a scroll of teleportation
 F - 2 scrolls of enchant weapon
 H - a scroll of magic mapping
 J - a scroll of fear
Potions
 d - 3 potions of lignification
 i - a potion of cancellation
 j - 4 potions of curing
 k - a potion of mutation
 l - 2 potions of might {unknown}
 r - a potion of berserk rage
 s - a potion of invisibility {unknown}
 v - a potion of haste
 G - 3 potions of brilliance
Books
 b - a book of Flames

   Spells                             Type                      Level
   a - Flame Tongue                   Conjuration/Fire             1
   b - Throw Flame                    Conjuration/Fire             2
   c - Conjure Flame                  Conjuration/Fire             3
   d - Inner Flame                    Hexes/Fire                   3
   e - Sticky Flame                   Conjuration/Fire             4
   f - Fireball                       Conjuration/Fire             5
 y - a book of Minor Magic

   Spells                             Type                      Level
   a - Magic Dart                     Conjuration                  1
   b - Blink                          Translocation                2
   c - Call Imp                       Summoning                    2
   d - Slow                           Hexes                        2
   e - Conjure Flame                  Conjuration/Fire             3
   f - Mephitic Cloud                 Conjuration/Poison/Air       3
 L - a book of Callings

   Spells                             Type                      Level
   a - Summon Small Mammal            Summoning                    1
   b - Call Imp                       Summoning                    2
   c - Call Canine Familiar           Summoning                    3
   d - Summon Guardian Golem          Hexes/Summoning              3
   e - Summon Lightning Spire         Summoning/Air                4
   f - Summon Ice Beast               Ice/Summoning                4
Comestibles
 c - 12 rations
 h - 3 chunks of flesh


   Skills:
 + Level 4.3 Dodging
 - Level 2.4 Stealth
 + Level 9.9 Spellcasting
 * Level 11.2 Conjurations
 - Level 8.0 Fire Magic


You had 7 spell levels left.
You knew the following spells:

 Your Spells              Type           Power        Failure   Level  Hunger
a - Flame Tongue          Conj/Fire      #####        1%          1    None
b - Conjure Flame         Conj/Fire      ######..     1%          3    None
c - Sticky Flame          Conj/Fire      ######..     1%          4    #......
d - Fireball              Conj/Fire      ######....   2%          5    ####...
e - Throw Flame           Conj/Fire      ######       1%          2    None
f - Magic Dart            Conj           ####         1%          1    None
g - Blink                 Tloc           N/A          8%          2    None
h - Mephitic Cloud        Conj/Pois/Air  ####....     3%          3    None


Dungeon Overview and Level Annotations

Branches:
Dungeon (9/15)             Temple (1/1) D:5
   Lair: D:8-11         Orc: D:9-12

Altars:
Ashenzari
Cheibriados
Dithmenos
Elyvilon
Fedhas
Gozag
Hepliaklqana
Kikubaaqudgha
Makhleb
Nemelex Xobeh
Okawaru
Qazlal
Ru
Sif Muna
Trog
Uskayaw
Vehumet
Wu Jian
Xom
Yredelemnul
Zin
The Shining One

Shops:
D:5 ==?:(   D:6 [

Annotations:
D:3 RedSky's ghost, amateur DrAE
D:9 RedSky's ghost, novice DrAE


Message History

RedSky's ghost is almost destroyed.
RedSky's ghost hits you but does no damage.
Casting: Sticky Flame
Confirm with . or Enter, or press ? or * to list all spells.
You don't have enough magic to cast that spell.
Unknown command.
Casting: Sticky Flame
Confirm with . or Enter, or press ? or * to list all spells.
Okay, then.
Magic courses through your body.
Casting: Sticky Flame
Confirm with . or Enter, or press ? or * to list all spells.
Aiming: Sticky Flame
Press: ? - help, Shift-Dir - straight line, f/p - RedSky's ghost
Aim: RedSky's ghost, wielding a weapon of freezing (almost destroyed, covering ground quickly)
The sticky flame hits RedSky's ghost.
RedSky's ghost is almost destroyed.
RedSky's ghost waves its arms in wide circles.
The air twists around and strikes you!
You die...

..# #. #####.######
#. #<.........# #.
#.###......##### #.
#............... #.
#.##.......####. #.
#.##.......#....
#.###.##.........#..
#.W@.......<........
#####..#####.####.##
#..# #.# #.# #..#
#.# #.# ###..#####.#
#.# #..........# #.#
#.##.#.##### #.#
#.##.#.## #..
#.#.....# ...


You could see RedSky's ghost.

Vanquished Creatures
  A two-headed ogre (D:8)
  Pikel (D:5)
  The ghost of RedSky the Gusty, a novice DrAE (D:4)
  Edmund (D:6)
  Menkaure (D:5)
  An ice beast (D:7)
  2 slaves (D:5)
  A necrophage (D:7)
  7 ogres
  2 centaurs (D:8)
  Blork the orc (D:5)
  4 bullfrogs
  A water moccasin skeleton (D:8)
  5 wights (D:6)
  5 howler monkeys
  3 crimson imps
  A jelly (D:8)
  2 hounds
  7 orc wizards
  A bullfrog skeleton (D:4)
  A centaur skeleton (D:6)
  An iguana (D:8)
  5 worker ants
  4 gnolls (D:5)
  6 adders
  3 shadow imps
  An ooze (D:5)
  2 worms
  A dart slug (D:1)
  3 leopard geckos
  13 orcs
  A ball python (D:4)
  3 giant cockroaches
  10 goblins
  10 hobgoblins
  23 jackals
  4 kobolds
  3 quokkas
  10 bats
  6 frilled lizards
  A jackal zombie (D:6)
  7 rats
166 creatures vanquished.

Notes
Turn   | Place    | Note
-------+----------+-------------------------------------------
     0 | D:1      | FivePercentEmpty the Deep Elf Fire Elementalist began the quest for the Orb.
     0 | D:1      | Reached XP level 1. HP: 10/10 MP: 6/6
   118 | D:1      | Reached XP level 2. HP: 14/15 MP: 4/8
   215 | D:1      | Upgraded the game from 0.21-a0-538-gd16b88a to 0.21-a0-578-gc6e9d75
   263 | D:1      | Reached skill level 2 in Conjurations
   675 | D:1      | Reached XP level 3. HP: 19/19 MP: 7/10
  1214 | D:2      | Learned a level 3 spell: Conjure Flame
  1946 | D:3      | Reached skill level 3 in Conjurations
  2229 | D:3      | Noticed RedSky's ghost (amateur DrAE)
  2240 | D:4      | Reached XP level 4. HP: 24/24 MP: 2/12
  2567 | D:4      | Reached XP level 5. HP: 28/28 MP: 6/13
  2696 | D:4      | Noticed an ogre
  2717 | D:4      | Killed an ogre
  2717 | D:4      | Reached skill level 4 in Conjurations
  2994 | D:4      | Noticed RedSky's ghost (novice DrAE)
  3457 | D:3      | Reached XP level 6. HP: 32/32 MP: 9/15
  3581 | D:3      | Found a faded altar of an unknown god.
  3593 | D:3      | Reached skill level 5 in Spellcasting
  3599 | D:3      | Learned a level 4 spell: Sticky Flame
  4061 | D:4      | Reached skill level 5 in Conjurations
  4174 | D:4      | Reached skill level 5 in Fire Magic
  4287 | D:4      | Killed RedSky's ghost
  4287 | D:4      | Reached skill level 6 in Conjurations
  4287 | D:4      | Reached XP level 7. HP: 36/36 MP: 3/18
  4620 | D:5      | Entered Level 5 of the Dungeon
  4808 | D:3      | Learned a level 5 spell: Fireball
  4811 | D:3      | Learned a level 2 spell: Throw Flame
  4934 | D:5      | Found Taevvix's Weapon Shoppe.
  5403 | D:5      | Found a staircase to the Ecumenical Temple.
  5427 | Temple   | Entered the Ecumenical Temple
  5534 | Temple   | Became a worshipper of Vehumet
  5613 | D:5      | Noticed Menkaure
  5616 | D:5      | Killed Menkaure
  5616 | D:5      | Reached skill level 7 in Conjurations
  5616 | D:5      | Reached XP level 8. HP: 41/41 MP: 12/20
  5648 | D:5      | Found Regak's Jewellery Shop.
  5742 | D:5      | Noticed Pikel
  5861 | D:5      | Killed Pikel
  5861 | D:5      | Reached skill level 8 in Conjurations
  5961 | D:5      | Found Qatip's Magic Scroll Shop.
  6034 | D:5      | Got a bloodstained short sword
  6035 | D:5      | Identified the cursed +2 short sword "Toxzeuj" {elec, rF+} (You found it on level 5 of the Dungeon)
  6073 | D:5      | Noticed Blork the orc
  6079 | D:5      | Killed Blork the orc
  6079 | D:5      | Reached skill level 9 in Conjurations
  6228 | D:5      | Found Kaqyom's Book Boutique.
  6356 | D:5      | Found Dotzawan's Jewellery Emporium.
  6586 | D:5      | Upgraded the game from 0.21-a0-578-gc6e9d75 to 0.21-a0-581-gb7d493d
  6598 | D:6      | Found an opulent altar of Gozag.
  6719 | D:6      | Noticed Edmund
  6736 | D:6      | Killed Edmund
  6736 | D:6      | Reached XP level 9. HP: 45/45 MP: 9/23
  7561 | D:6      | Found Wuyps's Antique Armour Emporium.
  7661 | D:5      | Bought a book of Minor Magic for 240 gold pieces
  7663 | D:5      | Learned a level 1 spell: Magic Dart
  7666 | D:5      | Learned a level 2 spell: Blink
  8201 | D:7      | Reached skill level 10 in Conjurations
  8234 | D:7      | Learned a level 3 spell: Mephitic Cloud
  8239 | D:7      | Reached * piety under Vehumet
  8239 | D:7      | Offered knowledge of Sting by Vehumet.
  8513 | D:8      | Noticed a two-headed ogre
  9135 | D:8      | Found a basalt altar of Yredelemnul.
  9219 | D:8      | Killed a two-headed ogre
  9219 | D:8      | Reached skill level 11 in Conjurations
  9219 | D:8      | Reached XP level 10. HP: 37/50 MP: 8/25
  9685 | D:9      | Noticed RedSky's ghost (novice DrAE)
  9880 | D:9      | Got a pair of steaming gloves
  9881 | D:9      | Identified the cursed +0 pair of gloves "Deheadeg" {rPois rF++} (You found it on level 9 of the Dungeon)
  9988 | D:9      | Killed from afar by RedSky's ghost

Vault maps used:
D:1:      eino_arrival_tree_alley
D:2:      first_ration, nrook_loot_triangle
D:3:      chequers_ecumenical_altar_simple_redux
D:5:      temple_fountains, serial_shops, shop, shop, kennysheep_mini,
          shop_statue, shop, kennysheep_nondescript, uniq_pikel,
          uniq_blork_the_orc, uniq_menkaure
D:6:      serial_shops, nicolae_shop_waterfront, grunt_gozag_statues,
          uniq_edmund
D:7:      serial_bayou_ford_a
D:8:      lemuel_doored_altar
D:9:      hangedman_fish_farm, makhleb_blood_cavern_becter
Temple:   compressed_dpeg_triangle_lava_temple

Skill      XL: |  1  2  3  4  5  6  7  8  9 |
---------------+----------------------------+-----
Conjurations   | 2 3 4 6 7 9 11 | 11.2
Spellcasting   | 4 6 8 9 |  9.9
Fire Magic     | 4 5 6 7 8 |  8.0
Dodging        | 4 |  4.3
Stealth        | |  2.4

Action                   |  1- 3 |  4- 6 |  7- 9 | 10-12 || total
-------------------------+-------+-------+-------+-------++-------
Melee: Short sword       |     1 |       |       |       ||     1
Throw: Stone             |     1 |       |       |       ||     1
 Cast: Flame Tongue      |    93 |    86 |   170 |    15 ||   364
       Conjure Flame     |     2 |     6 |    17 |     2 ||    27
       Sticky Flame      |       |     3 |    12 |    15 ||    30
       Throw Flame       |       |       |    22 |       ||    22
       Fireball          |       |       |     6 |     6 ||    12
       Blink             |       |       |     8 |       ||     8
       Magic Dart        |       |       |     2 |       ||     2
       Mephitic Cloud    |       |       |     1 |       ||     1
Evoke: Wand              |       |       |     5 |       ||     5
  Use: Scroll            |       |     9 |    14 |     2 ||    25
       Potion            |       |       |       |     7 ||     7
  Eat: Chunk             |     4 |     7 |     9 |     3 ||    23
       Ration            |       |       |     2 |       ||     2
Armor: Robe              |     5 |     3 |     5 |     3 ||    16
Dodge: Dodged            |    17 |    16 |     7 |     3 ||    43

Table legend:
 A = Spawn XP
 B = Non-spawn XP
 C = Spawn XP percentage of total XP
 D = Spawn monster count
 E = Non-spawn monster count
 F = Spawn count percentage of total count
 G = Total turns spent on level
                    A         B        C        D         E        F      G
               +---------+---------+-------+---------+---------+-------+---------
         Total |       0 |    5916 |   0.0 |       0 |     164 |   0.0 |  9988
               +---------+---------+-------+---------+---------+-------+---------
           D:1 |       0 |      41 |   0.0 |       0 |      24 |   0.0 |   789
           D:2 |       0 |      79 |   0.0 |       0 |      20 |   0.0 |  1112
           D:3 |       0 |     120 |   0.0 |       0 |      29 |   0.0 |  1357
           D:4 |       0 |     946 |   0.0 |       0 |      24 |   0.0 |  1649
           D:5 |       0 |    1493 |   0.0 |       0 |      18 |   0.0 |  1674
           D:6 |       0 |     984 |   0.0 |       0 |      15 |   0.0 |  1317
           D:7 |       0 |     381 |   0.0 |       0 |       7 |   0.0 |   602
           D:8 |       0 |    1709 |   0.0 |       0 |      20 |   0.0 |   996
           D:9 |       0 |     163 |   0.0 |       0 |       7 |   0.0 |   379
               +---------+---------+-------+---------+---------+-------+---------
